 Dungeon Crawl Stone Soup version 0.31-a0-221-gbddc013574 (webtiles) character file.

Game seed: 11853792842342440238

6944 qw the Skirmisher (level 11, -3/69 HPs)
             Began as a Gargoyle Hexslinger on July 3, 2023.
             Was an Elder of Okawaru.
             Slain by a red devil
             ... wielding a +2 demon trident of venom
             ... summoned by a kobold demonologist
              (6 damage)
             ... on level 9 of the Dungeon.
             The game lasted 00:03:52 (8037 turns).

qw the Skirmisher (Gargoyle Hexslinger)             Turns: 8037, Time: 00:03:53

Health: -3/69      AC: 20    Str: 11    XL:     11   Next: 7%
Magic:  2/15       EV: 16    Int: 18    God:    Okawaru [****..]
Gold:   340        SH:  0    Dex: 15    Spells: 11/12 levels left

rFire   . . .        Y - +4 shortbow (flame)
rCold   + . .        (shield currently unavailable)
rNeg    + . .        q - +0 steam dragon scales
rPois   inf          a - +0 helmet
rElec   +            m - +0 cloak
rCorr   .            b - +0 pair of gloves
SInv    .            h - +0 pair of boots
Will    .....        (no amulet)
Stlth   +++          k - ring of protection from cold
HPRegen 0.31/turn    (no ring)
MPRegen 0.14/turn

%: no passive effects
@: about to teleport, heroic, spiked
A: sickness immunity, AC +8, negative energy resistance 1, electricity
resistance, torment resistance 1, petrification resistance, clever 1
a: Renounce Religion, Heroism, Finesse


You were on level 9 of the Dungeon.
You worshipped Okawaru.
Okawaru was greatly pleased with you.
You visited 1 branch of the dungeon, and saw 9 of its levels.
You also visited: Ossuary.

You collected 508 gold pieces.
You spent 168 gold pieces at shops.


Innate Abilities, Weirdness & Mutations

You are immune to sickness and miasma.
Your stone body is resilient. (AC +8)
You are immune to poison.
You resist negative energy. (rN+)
You are resistant to electric shocks. (rElec)
You are resistant to unholy torment.
You are immune to petrification.
Your mind is acute. (Int +4, Str/Dex -1)


   Skills:
 + Level 8.3(13.3) Fighting
 - Level 13.0(18.0) Ranged Weapons
 - Level 4.0(9.0) Armour
 - Level 3.0(8.0) Dodging
 - Level 1.0 Spellcasting
 - Level 2.6 Hexes
 + Level 5.6 Invocations


You had 11 spell levels left.
You knew the following spells:

 Your Spells              Type           Power      Damage    Failure   Level
a - Slow                  Hex            40%        N/A       7%          1

Your spell library contained the following spells:

 Spells                   Type           Power      Damage    Failure   Level
 Inner Flame              Hex/Fire       5%         N/A       34%         3
 Portal Projectile        Hex/Tloc       10%        N/A       34%         3
 Cause Fear               Hex            5%         N/A       54%         4

Inventory:

Hand Weapons
 Y - a +4 shortbow of flaming (weapon)
Armour
 a - a +0 helmet (worn)
 b - a +0 pair of gloves (worn)
 h - a +0 pair of boots (worn)
 m - a +0 cloak (worn)
 q - +0 steam dragon scales (worn)
Jewellery
 g - a ring of willpower
 k - a ring of protection from cold (left hand)
Scrolls
 c - a scroll of teleportation
 f - 4 scrolls of identify
Potions
 d - 2 potions of magic
 e - 10 potions of curing
 j - a potion of haste
 l - 2 potions of might
 o - a potion of resistance
 p - a potion of cancellation

Dungeon Overview and Level Annotations

Branches:
Dungeon (9/15)             Temple (0/1) D:5         Ossuary (visited)
   Lair: D:8-11         Orc: D:9-12

Altars:
Elyvilon
Fedhas
Gozag
Makhleb
Okawaru
Ru
Yredelemnul
Zin

Shops:
D:4 (


Message History

The red devil is moderately wounded.
The kobold demonologist mumbles some strange words.
The red devil hits you from afar with a +2 demon trident of venom!
Barbed spikes become lodged in your body.
You shoot an arrow. The arrow hits the red devil!
The red devil is heavily wounded.
You hear a shout!
The kobold demonologist casts a spell.
You shoot an arrow. The arrow hits the red devil!
The red devil is moderately wounded.
The red devil closely misses you.
You shoot an arrow.
The arrow hits the red devil but does no damage.
The red devil is moderately wounded.
The red devil hits you but does no damage.
The kobold demonologist mumbles some strange words.
The red devil hits you but does no damage.
You shoot an arrow. The arrow hits the red devil.
The red devil is moderately wounded.
The kobold demonologist casts a cantrip, but nothing happens.
The red devil hits you with a +2 antimagic demon trident!
Barbed spikes become lodged in your body.
You feel your power leaking away.
You shoot an arrow.
The arrow hits the red devil but does no damage.
The red devil is moderately wounded.
The red devil misses you.
You shoot an arrow. The arrow hits the red devil!
The red devil is severely wounded.
The red devil hits you with a +2 antimagic demon trident!
Barbed spikes become lodged in your body.
You feel your power leaking away.
The red devil hits you from afar with a +2 demon trident of venom.
Barbed spikes become lodged in your body.
8037 ||| READING 2 scrolls of teleportation.
As you read the scroll of teleportation, it crumbles to dust.
You feel strangely unstable. The red devil barely misses you.
The red devil hits you from afar with a +2 demon trident of venom.
You die...

#...###########.'#
#.#......##.....#.
#.####...##.###.#.
#># #............
#.# #.########.#.
#.# #........#.#.
#.# ########.#.#.
#.# #.#.#. #@#
#.#.#. #4# ### ###
#.#... #4#... ..#
#.#).. #3#.## #.#
#.#... #KK.~# #.#
#.#.#.
#55.~####.###.#.#.
#~.~.~##.........#.
##.~)~.'.........#.
....~.#......)))#.


You could see a sun demon (summoned), a kobold demonologist, 2 red devils, a
kobold brigand and 2 iron imps.

Vanquished Creatures
  Amaemon (D:8)
  An orange demon (D:8)
  2 kobold demonologists (D:9)
  A wraith (D:9)
  6 yaks (D:9)
  3 steam dragons
  Duvessa (D:5)
  A water moccasin (D:8)
  An orc warrior (D:8)
  2 ice beasts
  A black bear (D:6)
  3 sky beasts
  An ogre (D:4)
  A centaur (D:7)
  A phantom (D:7)
  A kobold brigand (D:8)
  5 scorpions
  2 bullfrogs
  4 water moccasin zombies (Ossuary)
  21 wights
  Dowan (D:6)
  4 howler monkeys
  5 hounds
  7 orc priests
  3 gnoll boudas
  3 sleepcaps
  2 iguanas
  3 orc wizards
  2 mummies (Ossuary)
  12 gnolls
  7 adders
  A shadow imp (D:8)
  3 white imps
  6 adder zombies (Ossuary)
  2 worms
  2 dart slugs
  25 orcs
  4 ball pythons
  9 endoplasms
  2 giant cockroaches
  4 gnoll zombies (Ossuary)
  6 hobgoblins
  14 jackals
  14 kobolds
  4 quokkas
  8 bats
  3 frilled lizards
  9 goblins
  5 hobgoblin zombies (Ossuary)
  6 kobold zombies (Ossuary)
  4 orc zombies (Ossuary)
  8 rats
247 creatures vanquished.

Vanquished Creatures (others)
  A bullfrog (D:6)
1 creature vanquished.

Grand Total: 248 creatures vanquished

Notes
Turn   | Place    | Note
-------+----------+-------------------------------------------
     0 | D:1      | qw the Gargoyle Hexslinger began the quest for the Orb.
     0 | D:1      | Reached XP level 1. HP: 12/12 MP: 2/2
     0 | D:1      | 0 ||| qw: Version: 0.3-a-40-ge99b1a8
     0 | D:1      | 0 ||| qw: Game counter: 555
     0 | D:1      | 0 ||| qw: Melee chars always use a shield: true
     0 | D:1      | 0 ||| qw: God list: Okawaru
     0 | D:1      | 0 ||| qw: Allow faded altars: false
     0 | D:1      | 0 ||| qw: Do Orc after clearing Dungeon:15 true
     0 | D:1      | 0 ||| qw: Do second Lair branch before Depths: true
     0 | D:1      | 0 ||| qw: Lair rune preference: random
     0 | D:1      | 0 ||| qw: Goals: Normal
     0 | D:1      | 0 ||| PLANNING D:1-11
   133 | D:1      | Reached XP level 2. HP: 16/16 MP: 3/3
   195 | D:1      | Reached skill level 3 in Ranged Weapons
   447 | D:1      | Reached XP level 3. HP: 21/21 MP: 4/4
   536 | D:1      | Found a faded altar of an unknown god.
   590 | D:1      | 590 ||| UPGRADING to +0 ring mail.
   600 | D:1      | 600 ||| DROPPING +0 robe.
   601 | D:1      | 601 ||| READING scroll labelled TUUBBO YTAYKH.
   602 | D:1      | 602 ||| READING 2 scrolls labelled FANIHU BYNTEKH.
   603 | D:1      | 603 ||| DROPPING scroll of poison.
   774 | D:2      | Reached XP level 4. HP: 23/26 MP: 5/5
   983 | D:2      | Reached skill level 4 in Ranged Weapons
  1285 | D:2      | 1285 ||| READING scroll labelled GASYGHO ORGHI.
  1286 | D:2      | 1286 ||| READING scroll labelled RANNOCKEMO.
  1287 | D:2      | 1287 ||| DRINKING 3 fuming golden potions.
  1288 | D:2      | 1288 ||| READING 3 scrolls of identify.
  1288 | D:2      | 1288 ||| IDENTIFYING grey potion
  1289 | D:2      | 1289 ||| READING 2 scrolls of identify.
  1289 | D:2      | 1289 ||| IDENTIFYING clear potion
  1290 | D:2      | 1290 ||| DROPPING potion of degeneration.
  1291 | D:2      | 1291 ||| DROPPING 2 potions of brilliance.
  1429 | D:3      | Reached skill level 1 in Armour
  1458 | D:3      | Reached XP level 5. HP: 28/30 MP: 6/6
  1723 | D:3      | 1723 ||| FLEEEEING.
  1724 | D:3      | 1724 ||| FLEEEEING.
  1725 | D:3      | 1725 ||| FLEEEEING.
  1726 | D:3      | 1726 ||| FLEEEEING.
  1728 | D:3      | 1728 ||| FLEEEEING.
  1729 | D:3      | 1729 ||| FLEEEEING.
  1730 | D:3      | 1730 ||| FLEEEEING.
  1731 | D:3      | 1731 ||| FLEEEEING.
  1732 | D:3      | 1732 ||| FLEEEEING.
  1733 | D:3      | 1733 ||| FLEEEEING.
  1734 | D:3      | 1734 ||| FLEEEEING.
  1735 | D:3      | 1735 ||| FLEEEEING.
  1736 | D:3      | 1736 ||| FLEEEEING.
  1737 | D:3      | 1737 ||| FLEEEEING.
  1738 | D:3      | 1738 ||| FLEEEEING.
  1739 | D:3      | 1739 ||| FLEEEEING.
  1740 | D:3      | 1740 ||| FLEEEEING.
  1742 | D:3      | 1742 ||| FLEEEEING.
  1743 | D:3      | 1743 ||| FLEEEEING.
  1744 | D:3      | 1744 ||| FLEEEEING.
  1745 | D:3      | 1745 ||| FLEEEEING.
  1746 | D:3      | 1746 ||| STAIRDANCE
  1760 | D:2      | 1760 ||| UPGRADING to +0 helmet.
  1765 | D:2      | 1765 ||| READING scroll labelled KEOH MINUJUH.
  1766 | D:2      | 1766 ||| READING scroll labelled GOXKOELUCAP.
  1771 | D:2      | 1771 ||| READING 2 scrolls of identify.
  1771 | D:2      | 1771 ||| IDENTIFYING metallic black potion
  1772 | D:2      | 1772 ||| DROPPING potion of attraction.
  2047 | D:3      | Reached skill level 5 in Ranged Weapons
  2380 | D:4      | Found a burning altar of Makhleb.
  2426 | D:4      | 2426 ||| Stepping ~*~*~tactically~*~*~ (outnumbered).
  2427 | D:4      | 2427 ||| Stepping ~*~*~tactically~*~*~ (outnumbered).
  2434 | D:4      | Reached skill level 3 in Fighting
  2444 | D:4      | Reached XP level 6. HP: 35/37 MP: 7/7
  2452 | D:4      | Found an iron altar of Okawaru.
  2453 | D:4      | 2453 ||| PLANNING OKAWARU WORSHIP
  2460 | D:4      | Became a worshipper of Warmaster Okawaru
  2461 | D:4      | 2461 ||| PLANNING D:1-11
  2493 | D:4      | Found Rupul's Antique Weapon Shop.
  2496 | D:4      | 2496 ||| SHOPLISTING glowing orcbow (182 gold, have 170).
  2496 | D:4      | 2496 ||| BUYING runed shortbow (168 gold).
  2496 | D:4      | Bought a runed shortbow for 168 gold pieces
  2496 | D:4      | 2496 ||| SWAPPING to +3 shortbow of flaming.
  2497 | D:4      | 2497 ||| DROPPING +1 sling of flaming.
  2527 | D:4      | 2527 ||| FLEEEEING.
  2528 | D:4      | 2528 ||| FLEEEEING.
  2638 | D:4      | Found a glowing silver altar of Zin.
  2643 | D:4      | Found a white marble altar of Elyvilon.
  2774 | D:4      | Reached skill level 6 in Ranged Weapons
  2848 | D:4      | Reached XP level 7. HP: 34/42 MP: 8/8
  3228 | D:4      | 3228 ||| READING scroll labelled WOTHOIPTY.
  3229 | D:4      | 3229 ||| READING 2 scrolls of identify.
  3229 | D:4      | 3229 ||| IDENTIFYING bubbling silvery potion
  3289 | D:5      | Entered Level 5 of the Dungeon
  3309 | D:5      | Reached * piety under Okawaru
  3388 | D:5      | Found a staircase to the Ecumenical Temple.
  3468 | D:5      | Reached skill level 1 in Invocations
  3502 | D:5      | 3502 ||| READING scroll labelled DEMASHR WOUTWOTS.
  3503 | D:5      | 3503 ||| READING scroll labelled PELLOI CUWIUL.
  3521 | D:5      | 3521 ||| INVOKING Heroism.
  3524 | D:5      | 3524 ||| Stepping ~*~*~tactically~*~*~ (outnumbered).
  3528 | D:5      | Reached skill level 7 in Ranged Weapons
  3537 | D:5      | 3537 ||| INVOKING Heroism.
  3546 | D:5      | Reached skill level 3 in Invocations
  3646 | D:5      | 3646 ||| INVOKING Heroism.
  3674 | D:5      | Reached XP level 8. HP: 38/48 MP: 10/10
  3726 | D:5      | 3726 ||| INVOKING Heroism.
  3963 | D:5      | 3963 ||| UPGRADING to +0 pair of gloves.
  3968 | D:5      | 3968 ||| UPGRADING to +0 pair of boots.
  3986 | D:6      | Noticed Duvessa
  3986 | D:6      | Noticed Dowan
  3987 | D:6      | 3987 ||| INVOKING Heroism.
  3991 | D:6      | Killed Dowan
  3995 | D:6      | 3995 ||| STAIRDANCE
  3998 | D:5      | Killed Duvessa
  4082 | D:6      | 4082 ||| STAIRDANCE
  4084 | D:5      | Reached ** piety under Okawaru
  4201 | D:6      | Reached skill level 8 in Ranged Weapons
  4211 | D:6      | 4211 ||| INVOKING Heroism.
  4233 | D:6      | 4233 ||| INVOKING Heroism.
  4255 | D:6      | 4255 ||| INVOKING Heroism.
  4366 | D:6      | 4366 ||| INVOKING Heroism.
  4397 | D:6      | 4397 ||| INVOKING Heroism.
  4420 | D:6      | Reached skill level 9 in Ranged Weapons
  4420 | D:6      | Reached XP level 9. HP: 54/54 MP: 12/12
  4469 | D:6      | 4469 ||| INVOKING Heroism.
  4513 | D:6      | Reached skill level 3 in Armour
  4700 | D:6      | 4700 ||| FLEEEEING.
  4705 | D:6      | 4705 ||| FLEEEEING.
  4710 | D:6      | 4710 ||| FLEEEEING.
  4711 | D:6      | 4711 ||| FLEEEEING.
  4714 | D:6      | 4714 ||| FLEEEEING.
  4715 | D:6      | 4715 ||| FLEEEEING.
  4716 | D:6      | 4716 ||| FLEEEEING.
  4717 | D:6      | 4717 ||| FLEEEEING.
  4718 | D:6      | 4718 ||| FLEEEEING.
  4719 | D:6      | 4719 ||| FLEEEEING.
  4896 | D:6      | 4896 ||| UPGRADING to +0 cloak.
  4901 | D:6      | 4901 ||| UPGRADING to ring of protection from cold.
  4902 | D:6      | 4902 ||| DRINKING 2 fuming puce potions.
  4902 | D:6      | Gained mutation: Your body sometimes deteriorates upon
                  | taking damage. [potion of mutation]
  4902 | D:6      | Gained mutation: Your movements are slightly less
                  | encumbered by armour. (ER -2) [potion of mutation]
  4902 | D:6      | Gained mutation: You sometimes lose your temper in combat.
                  | [potion of mutation]
  4903 | D:6      | 4903 ||| DRINKING potion of mutation.
  4903 | D:6      | Lost mutation: Your body sometimes deteriorates upon taking
                  | damage. [potion of mutation]
  4903 | D:6      | Lost mutation: Your movements are slightly less encumbered
                  | by armour. (ER -2) [potion of mutation]
  4903 | D:6      | Lost mutation: You sometimes lose your temper in combat.
                  | [potion of mutation]
  4903 | D:6      | Gained mutation: You are frail. (-10% HP) [potion of
                  | mutation]
  4904 | D:6      | 4904 ||| READING 6 scrolls of identify.
  4904 | D:6      | 4904 ||| IDENTIFYING viscous dark potion
  4905 | D:6      | 4905 ||| READING 5 scrolls of identify.
  4905 | D:6      | 4905 ||| IDENTIFYING black potion
  4906 | D:6      | 4906 ||| DROPPING potion of lignification.
  4938 | D:7      | 4938 ||| PLANNING OSSUARY
  4958 | D:7      | Identified the +0 ring mail of the Volcano {Harm Drain
                  | Str+5}
  4998 | D:7      | 4998 ||| FLEEEEING.
  5029 | D:7      | Reached skill level 6 in Fighting
  5192 | D:7      | Found an opulent altar of Gozag.
  5361 | D:7      | 5361 ||| INVOKING Heroism.
  5491 | D:7      | Reached skill level 10 in Ranged Weapons
  5511 | D:7      | Found a sand-covered staircase.
  5519 | Ossuary  | Entered an ossuary
  5695 | Ossuary  | 5695 ||| DRINKING 2 potions of mutation.
  5695 | Ossuary  | Lost mutation: You are frail. (-10% HP) [potion of
                  | mutation]
  5695 | Ossuary  | Gained mutation: You have a beak for a mouth. [potion of
                  | mutation]
  5695 | Ossuary  | Gained mutation: You occasionally lose the ability to drink
                  | potions when taking damage. [potion of mutation]
  5714 | Ossuary  | 5714 ||| DRINKING potion of mutation.
  5714 | Ossuary  | Lost mutation: You occasionally lose the ability to drink
                  | potions when taking damage. [potion of mutation]
  5714 | Ossuary  | Lost mutation: You have a beak for a mouth. [potion of
                  | mutation]
  5714 | Ossuary  | Gained mutation: Your mind is acute. (Int +4, Str/Dex -1)
                  | [potion of mutation]
  5730 | Ossuary  | 5730 ||| UPGRADING to +0 helmet.
  5735 | Ossuary  | 5735 ||| READING scroll labelled EJUXTIYMYGG.
  5736 | Ossuary  | 5736 ||| READING 5 scrolls of identify.
  5736 | Ossuary  | 5736 ||| IDENTIFYING murky green potion
  5737 | Ossuary  | 5737 ||| READING 4 scrolls of identify.
  5737 | Ossuary  | 5737 ||| IDENTIFYING murky orange potion
  5738 | Ossuary  | 5738 ||| READING 3 scrolls of identify.
  5738 | Ossuary  | 5738 ||| IDENTIFYING fuming cyan potion
  5747 | D:7      | 5747 ||| PLANNING D:1-11
  5809 | D:8      | Noticed an orange demon
  5818 | D:8      | Killed an orange demon
  5818 | D:8      | Reached *** piety under Okawaru
  5834 | D:8      | Reached XP level 10. HP: 64/64 MP: 13/13
  5837 | D:8      | 5837 ||| STAIRDANCE
  5966 | D:8      | Noticed Amaemon
  5967 | D:8      | 5967 ||| INVOKING Heroism.
  5983 | D:8      | Killed Amaemon
  5983 | D:8      | Reached **** piety under Okawaru
  5984 | D:8      | Reached skill level 11 in Ranged Weapons
  6085 | D:8      | 6085 ||| INVOKING Heroism.
  6086 | D:8      | 6086 ||| Stepping ~*~*~tactically~*~*~ (outnumbered).
  6098 | D:8      | 6098 ||| Stepping ~*~*~tactically~*~*~ (outnumbered).
  6099 | D:8      | HP: 16/64 [wight/+5 spear (6)]
  6100 | D:8      | 6100 ||| READING 5 scrolls of teleportation.
  6101 | D:8      | HP: 3/64 [wight/+5 spear (8)]
  6101 | D:8      | HP: 1/64 [orc warrior/+0 halberd (2)]
  6346 | D:8      | Found a sacrificial altar of Ru.
  6371 | D:8      | 6371 ||| INVOKING Heroism.
  6538 | D:8      | 6538 ||| Stepping ~*~*~tactically~*~*~ (outnumbered).
  6548 | D:8      | 6548 ||| INVOKING Heroism.
  6979 | D:8      | 6979 ||| INVOKING Heroism.
  6983 | D:8      | 6983 ||| Stepping ~*~*~tactically~*~*~ (cloud).
  6987 | D:8      | Reached skill level 12 in Ranged Weapons
  6989 | D:8      | 6989 ||| Stepping ~*~*~tactically~*~*~ (cloud).
  7059 | D:8      | 7059 ||| DROPPING +0 ring mail of the Volcano {Harm Drain
                  | Str+5}.
  7060 | D:8      | 7060 ||| UPGRADING to +0 leather armour of willpower.
  7070 | D:8      | 7070 ||| DROPPING +0 ring mail.
  7071 | D:8      | 7071 ||| UPGRADING to +0 steam dragon scales.
  7081 | D:8      | 7081 ||| DROPPING +0 leather armour of willpower.
  7136 | D:9      | 7136 ||| INVOKING Heroism.
  7140 | D:9      | Reached skill level 3 in Dodging
  7175 | D:9      | Noticed a kobold demonologist
  7178 | D:9      | Noticed a kobold demonologist
  7186 | D:9      | Noticed a soul eater
  7191 | D:9      | Noticed a kobold demonologist
  7197 | D:9      | 7197 ||| INVOKING Heroism.
  7202 | D:9      | HP: 10/64 [soul eater[a kobold demonologist] (10)]
  7203 | D:9      | Noticed a soul eater
  7203 | D:9      | 7203 ||| READING 5 scrolls of teleportation.
  7206 | D:9      | HP: 3/64 [soul eater[a kobold demonologist] (8)]
  7210 | D:9      | 7210 ||| READING 4 scrolls of teleportation.
  7225 | D:9      | 7225 ||| INVOKING Heroism.
  7229 | D:9      | 7229 ||| READING 3 scrolls of teleportation.
  7765 | D:9      | 7765 ||| Stepping ~*~*~tactically~*~*~ (outnumbered).
  7774 | D:9      | Killed a kobold demonologist
  7775 | D:9      | Reached skill level 13 in Ranged Weapons
  7775 | D:9      | Reached XP level 11. HP: 64/68 MP: 14/14
  7964 | D:9      | Found a blossoming altar of Fedhas.
  7973 | D:9      | Found a basalt altar of Yredelemnul.
  8027 | D:9      | 8027 ||| INVOKING Heroism.
  8036 | D:9      | Noticed a sun demon
  8036 | D:9      | HP: 9/69 [red devil/+2 antimagic demon trident[a kobold
                  | demonologist] (10)]
  8036 | D:9      | HP: 3/69 [red devil/+2 demon trident of venom[a kobold
                  | demonologist] (6)]
  8037 | D:9      | 8037 ||| READING 2 scrolls of teleportation.
  8037 | D:9      | Slain by a red devil

Levels and vault maps discovered:
D:1:      matt_arrival_los_fun, layout_rooms, shapermc_ecumenical_altar_petra
D:2:      layout_loops_cross
D:3:      layout_basic, fountainhead, cheibrodos_gnoll_hut
D:4:      layout_cave_pods, mainiacjoe_overflow_alcove_1,
          okawaru_altar_gauntlet_db, amethyst_overflow_temple_binary,
          serial_shops, nicolae_shop_behind_doors, fountainhead
D:5:      minmay_chambers_of_fours, layout_rooms,
          minmay_temple_entry_gardened_gates
D:6:      layout_loops_ring, uniq_duvessa
D:7:      layout_rooms, lemuel_round_altar, chequers_ossuary_entry_cave
D:8:      kennysheep_steamy, layout_basic, mainiacjoe_overflow_surrounded_room,
          uniq_amaemon
D:9:      layout_basic, mainiacjoe_overflow_swirl

Skill      XL: |  1  2  3  4  5  6  7  8  9 10 |
---------------+-------------------------------+-----
Ranged Weapons | 3 4 5 6 7 9 10 13 | 13.0
Fighting       | 2 3 4 5 7 8 |  8.3
Armour         | 1 2 4 |  4.0
Invocations    | 3 4 5 |  5.6
Dodging        | 2 3 |  3.0
Spellcasting   | |  1.0
Hexes          | |  2.6

Action                     |  1- 3 |  4- 6 |  7- 9 | 10-12 || total
---------------------------+-------+-------+-------+-------++-------
   Fire: Sling             |    99 |   148 |       |       ||   247
         Shortbow          |       |    34 |   365 |   312 ||   711
 Invoke: Heroism           |       |       |    12 |     9 ||    21
    Use: Scroll            |     2 |     7 |    10 |     5 ||    24
         Potion            |       |     1 |     4 |       ||     5
 Armour: Robe              |     7 |       |       |       ||     7
         Ring mail         |    23 |    63 |    80 |    52 ||   218
         Steam dragon scal |       |       |       |    45 ||    45
  Dodge: Dodged            |    38 |    65 |    84 |    98 ||   285

Table legend:
 A = Non-vault XP
 B = Vault XP
 C = Vault XP percentage of total XP
 D = Non-vault monster count
 E = Vault monster count
 F = Vault count percentage of total count
                 A         B        C        D         E       F
            +---------+---------+-------+---------+---------+-------
      Total |    7317 |    2603 |  26.2 |     196 |      52 |  21.0
            +---------+---------+-------+---------+---------+-------
        D:1 |      40 |       0 |   0.0 |      24 |       0 |   0.0
        D:2 |      80 |       0 |   0.0 |      26 |       0 |   0.0
        D:3 |      88 |      98 |  52.7 |      22 |       3 |  12.0
        D:4 |     325 |      23 |   6.6 |      13 |       6 |  31.6
        D:5 |     520 |     457 |  46.8 |      25 |       7 |  21.9
        D:6 |    1058 |      69 |   6.1 |      15 |       1 |   6.2
        D:7 |     919 |       0 |   0.0 |      20 |       0 |   0.0
        D:8 |    1512 |    1564 |  50.8 |      28 |       4 |  12.5
        D:9 |    2775 |       0 |   0.0 |      23 |       0 |   0.0
    Ossuary |       0 |     392 | 100.0 |       0 |      31 | 100.0
            +---------+---------+-------+---------+---------+-------
